 Dungeon Crawl Stone Soup version 0.30-a0-930-gb9d0489357 (webtiles) character file.

Game seed: 14128216506300190602

331 Dustman the Slasher (level 6, -1/48 HPs)
             Began as a Human Fighter on Mar 23, 2023.
             Slain by Duvessa
             ... wielding a +4 rapier of venom
              (24 damage)
             ... on level 5 of the Dungeon.
             The game lasted 00:12:42 (2572 turns).

Dustman the Slasher (Human Fighter)                 Turns: 2572, Time: 00:12:43

Health: -1/48      AC:  7    Str: 17    XL:     6   Next: 82%
Magic:  6/6        EV:  9    Int:  8    God:
Gold:   213        SH:  5    Dex: 14    Spells: 5/5 levels left

rFire   . . .      SeeInvis .    k - +5 demon blade (venom)
rCold   + + .      Faith    .    c - +0 buckler
rNeg    . . .      Spirit   .    v - +0 scale mail {rC+}
rPois   .          Reflect  .    o - +0 helmet
rElec   .          Rampage  .    (no cloak)
rCorr   .                        (no gloves)
Will    .....                    (no boots)
Stlth   +                        (no amulet)
HPRegen 0.28/turn                a - ring of protection from cold
MPRegen 0.10/turn                e - ring of flight

@: lethally poisoned (-1 -> -17), flying
A: no striking features
a: no special abilities


You were on level 5 of the Dungeon.
You visited 1 branch of the dungeon, and saw 5 of its levels.

You collected 213 gold pieces.

Inventory:

Hand Weapons
 k - a +5 demon blade of venom (weapon)
Missiles
 n - 6 boomerangs (quivered)
 w - 3 silver boomerangs
Armour
 c - a +0 buckler (worn)
 o - a +0 helmet (worn)
 v - a +0 scale mail of cold resistance (worn)
Jewellery
 a - a ring of protection from cold (left hand)
 e - a ring of flight (right hand)
Wands
 m - a wand of charming (5)
 t - a wand of flame (22)
Scrolls
 h - a scroll of brand weapon {unknown}
 j - a scroll of identify
 r - 2 scrolls of fog {unknown}
 s - a scroll of teleportation
Potions
 d - a potion of might
 f - a potion of curing
 g - 3 potions of lignification {unknown}
 i - a potion of attraction {unknown}
 l - a potion of heal wounds
 p - a potion of mutation {unknown}


   Skills:
 + Level 4.3 Fighting
 * Level 4.9 Long Blades
 - Level 3.0 Armour
 + Level 3.2 Stealth
 - Level 3.0 Shields


You had 5 spell levels left.
You didn't know any spells.
Your spell library contained the following spells:

 Spells                   Type           Power      Damage    Failure   Level
 Call Canine Familiar     Summ           0%         N/A       99%         3
 Dazzling Flash           Conj/Hex       0%         N/A       99%         3
 Portal Projectile        Hex/Tloc       0%         N/A       99%         3
 Leda's Liquefaction      Hex/Erth       0%         N/A       100%        4
 Manifold Assault         Tloc           0%         N/A       100%        4
 Agony                    Necr           0%         N/A       100%        5
 Silence                  Hex/Air        0%         N/A       100%        5
 Dispersal                Tloc           0%         N/A       100%        6
 Disjunction              Tloc           0%         N/A       100%        8


Dungeon Overview and Level Annotations

Branches:
Dungeon (5/15)
 Temple: D:4-7

Altars:

Shops:
D:4 =

Annotations:
D:3 Grinder
D:5 Duvessa


Message History

Dowan dies!
Duvessa screams, "NO!
What have I done?"
Duvessa goes berserk!
You swap places.
Things that are here:
a +0 dagger; a +0 robe Duvessa rages.
Duvessa rages.
Duvessa rages.
Found 5 stones.
Duvessa is no longer charmed.
Duvessa hits you with a +4 rapier of venom!
Okay, then.
Throw: throwing net
Press: ? - help, Q - select action, (/) - cycle Shift-Dir - straight line, f - Duvessa
Aim: Duvessa, wielding a +4 rapier of venom and wearing a +2 leather armour of fire resistance (lightly wounded, berserk, 64% to hit)
You throw a throwing net. The throwing net hits Duvessa.
Duvessa is caught in the net!
Duvessa is lightly wounded.
Duvessa struggles against the net.
You slash Duvessa!
Duvessa is poisoned.
Duvessa is moderately wounded.
Duvessa struggles against the net. x2
The net rips apart, and Duvessa comes free!
You slash Duvessa!
Duvessa looks as sick as possible!
Duvessa is heavily wounded.
Duvessa hits you with a +4 rapier of venom!
You are lethally poisoned!
Duvessa hits you with a +4 rapier of venom!!
* * * LOW HITPOINT WARNING * * *
You feel much better.
You feel very sick.
Duvessa hits you with a +4 rapier of venom!
* * * LOW HITPOINT WARNING * * *
You feel much better.
You feel very sick. You block Duvessa's attack.
Duvessa hits you with a +4 rapier of venom!!
Ouch! That really hurt!
You die...

### #.. #.# #.#
####@####
#....e..##.#
.....##(##.##.#
.### #.##.##.#
#.......#
####....##
#..#..# #.###.#
#..#..#


You could see Duvessa (berserk, extremely poisoned).

Vanquished Creatures
  A jelly (D:4)
  A sleepcap (D:5)
  An iguana (D:5)
  An orc wizard (D:4)
  5 gnolls
  3 adders (D:3)
  A worm (D:2)
  5 dart slugs
  10 orcs
  3 ball pythons
  5 bats
  6 endoplasms
  2 giant cockroaches (D:3)
  10 goblins
  7 hobgoblins
  4 jackals
  6 quokkas
  2 kobolds
  7 rats
80 creatures vanquished.

Vanquished Creatures (collateral kills)
  Dowan (D:5)
1 creature vanquished.

Vanquished Creatures (others)
  32 plants
32 creatures vanquished.

Grand Total: 113 creatures vanquished

Notes
Turn   | Place    | Note
-------+----------+-------------------------------------------
     0 | D:1      | Dustman the Human Fighter began the quest for the Orb.
     0 | D:1      | Reached XP level 1. HP: 18/18 MP: 1/1
   216 | D:1      | Reached XP level 2. HP: 24/24 MP: 2/2
   333 | D:1      | Reached skill level 1 in Stealth
   342 | D:1      | Reached XP level 3. HP: 24/29 MP: 3/3
   964 | D:2      | Reached XP level 4. HP: 35/35 MP: 4/4
  1179 | D:3      | Noticed Grinder
  1185 | D:3      | Identified a scroll of acquirement
  1185 | D:3      | Acquired a +4 demon blade of venom
  1188 | D:3      | Paralysed by Grinder for 3 turns
  1433 | D:3      | Reached XP level 5. HP: 41/41 MP: 5/5
  1771 | D:4      | Found Oniph's Jewellery Shop.
  1865 | D:4      | Reached XP level 6. HP: 41/48 MP: 6/6
  2346 | D:5      | Entered Level 5 of the Dungeon
  2535 | D:5      | Noticed Duvessa
  2544 | D:5      | Noticed Dowan
  2553 | D:5      | Killed Dowan
  2570 | D:5      | HP: 1/48 [Duvessa/+4 rapier of venom (21)]
  2572 | D:5      | Slain by Duvessa

Illustrated notes

Levels and vault maps discovered:
D:1:      scummos_arrival_gate, layout_loops_ring, nicolae_grassy_gnolls
D:2:      layout_basic, minmay_misc_feat_x
D:3:      layout_basic, mainiacjoe_overflow_boulevard, uniq_grinder
D:4:      wad_woods_settlement, layout_basic, serial_shops, shop
D:5:      layout_loops_corners, mainiacjoe_overflow_surrounded_room,
          uniq_duvessa, uniq_pikel

Skill      XL: |  1  2  3  4  5  6 |
---------------+-------------------+-----
Stealth        | 1 2 3 |  3.2
Long Blades    | 3 4 |  4.9
Fighting       | 4 |  4.3
Armour         | |  3.0
Shields        | |  3.0

Action                     |  1- 3 |  4- 6 || total
---------------------------+-------+-------++-------
  Melee: Long sword        |    90 |    41 ||   131
         Demon blade       |       |    85 ||    85
  Throw: Boomerang         |       |     2 ||     2
         Throwing net      |       |     1 ||     1
  Evoke: Wand              |       |     2 ||     2
    Use: Scroll            |       |     7 ||     7
         Potion            |       |     2 ||     2
 Armour: Scale mail        |    47 |    52 ||    99
  Dodge: Dodged            |    30 |    44 ||    74
  Block: Buckler           |    29 |    27 ||    56

Table legend: (Time is in decaauts)
 A = Elapsed time spent in this place.
 B = Non-inter-level travel time spent in this place.
 C = Inter-level travel time spent in this place.
 D = Time resting spent in this place.
 E = Time spent auto-exploring this place.
 F = Levels seen in this place.
 G = Mean time per level.
                   A        B        C        D        E       F      G
               +--------+--------+--------+--------+--------+-----+--------+
         Total |   2620 |   2549 |     71 |      4 |   1553 |   5 |  524.0 |
       Dungeon |   2620 |   2549 |     71 |      4 |   1553 |   5 |  524.0 |
               +--------+--------+--------+--------+--------+-----+--------+

Top non-repeatable levels by time:
     D:4: 882 daAuts
     D:1: 669 daAuts
     D:2: 573 daAuts
     D:3: 266 daAuts
     D:5: 228 daAuts
